 Dungeon Crawl Stone Soup version 0.28-a0-94-g325244837d (webtiles) character file.

Game seed: 17346349794497921627

565 ipx the Frost Mage (level 7, -5/36 HPs)
             Began as a Deep Elf Ice Elementalist on Aug 7, 2021.
             Slain by a troll (9 damage)
             ... on level 6 of the Dungeon.
             The game lasted 00:20:39 (1247 turns).

ipx the Frost Mage (Deep Elf Ice Elementalist)      Turns: 1247, Time: 00:20:39

Health: -5/36      AC: 17    Str:  5    XL:     7   Next: 10%
Magic:  7/13       EV: 12    Int: 22    God:
Gold:   223        SH:  0    Dex: 15    Spells: 1/12 levels left

rFire   . . .      SeeInvis .   a - +8 club {Jessica}
rCold   . . .      Faith    .   (no shield)
rNeg    . . .      Spirit   .   f - +0 robe
rPois   .          Reflect  .   j - +0 helmet
rElec   .          Harm     .   t - +0 cloak
rCorr   .          Rampage  .   (no gloves)
Will    .....                   d - +0 pair of boots
Stlth   ++........              (no amulet)
HPRegen 0.12/turn               p - +4 ring of protection
MPRegen 0.13/turn               (no ring)

@: ice-armoured, freezing walls
A: no striking features
a: no special abilities


You were on level 6 of the Dungeon.
You visited 1 branch of the dungeon, and saw 6 of its levels.

You collected 223 gold pieces.

Inventory:

Hand Weapons
 a - a +8 club (weapon) {Jessica}
 b - a +2 dagger of venom
 q - a +1 mace of holy wrath
Armour
 d - a +0 pair of boots (worn)
 f - a +0 robe (worn)
 j - a +0 helmet (worn)
 t - a +0 cloak (worn)
Jewellery
 p - a +4 ring of protection (left hand)
Wands
 s - a wand of paralysis (11)
Scrolls
 c - a scroll of vulnerability
 e - a scroll of noise
 l - a scroll of magic mapping
Potions
 h - a potion of brilliance {unknown}
 i - a potion of berserk rage {unknown}
 k - a potion of curing {unknown}
 m - a potion of haste {unknown}
 n - a potion of mutation {unknown}
 o - a potion of lignification {unknown}
 r - 2 potions of degeneration {unknown}


   Skills:
 - Level 2.4 Dodging
 - Level 2.4 Stealth
 - Level 3.0 Spellcasting
 + Level 3.6 Conjurations
 - Level 8.0 Ice Magic
 - Level 3.0 Evocations


You had one spell level left.
You knew the following spells:

 Your Spells              Type           Power      Damage    Failure   Level
h - Hailstorm             Conj/Ice       28%        3d8       12%         4
o - Ozocubu's Armour      Ice            38%        N/A       1%          3
r - Frozen Ramparts       Ice            76%        1d9       1%          3
z - Freeze                Ice            100%       1d11      1%          1

Your spell library contained the following spells:

 Spells                   Type           Power      Damage    Failure   Level
 Slow                     Hex            3%         N/A       19%         2
 Confusing Touch          Hex            3%         N/A       36%         3
 Yara's Violent Unravell  Hex/Tmut       1%         3d3       98%         5


Dungeon Overview and Level Annotations

Branches:
Dungeon (6/15)
 Temple: D:4-7

Altars:
Cheibriados

Annotations:
D:2 Sigmund
D:3 exclusion: downstairs


Message History

You closely miss the white imp.
The white imp hits you but does no damage.
You hit the white imp.
The white imp is heavily wounded.
The white imp puffs mist at you.
The white imp hits you but does no damage.
You sock the white imp!
You kill the white imp!
The helpless troll fails to defend itself.
You hit the troll.
The troll is lightly wounded.
The helpless troll fails to defend itself.
You hit the troll.
The troll is lightly wounded.
The helpless troll fails to defend itself.
You sock the troll!
The troll is moderately wounded.
The helpless troll fails to defend itself.
You sock the troll!
The troll is heavily wounded.
The troll is no longer paralysed.
The troll bites you!
The troll claws you but does no damage. x2
The troll bites you but does no damage. The troll claws you. x2
Casting: Frozen Ramparts (safe; 1% risk of failure)
Confirm with . or Enter, or press ? or * to list all spells.
A film of ice covers your body! The troll bites you but does no damage.
The troll claws you but does no damage. x2
Casting: Ozocubu's Armour (safe; 1% risk of failure)
Confirm with . or Enter, or press ? or * to list all spells.
Casting: Frozen Ramparts (safe; 1% risk of failure)
Press: ? - help, Dir - look around, f - activate The walls around you are covered in ice.
The wall freezes the troll!
The troll barely misses you. x2
The troll claws you.
You barely miss the troll.
The troll is heavily wounded.
The wall freezes the troll.
The troll bites you!
* * * LOW HITPOINT WARNING * * *
The troll claws you!
You die...

#..........
#.........
#........
#.......
#...... #.....
#...T# #...@#
#....# #....#
.. #....# ...
+..$.# ....
###....##+#....
#..............
#..............
#..............


You could see a troll.

Vanquished Creatures
  A black bear (D:5)
  An ogre (D:5)
  A scorpion (D:4)
  3 jellies
  Crazy Yiuf (D:5)
  Ijyb (D:4)
  Jessica (D:2)
  Robin (D:2)
  4 gnolls (D:3)
  3 adders
  A white imp (D:6)
  2 dart slugs
  6 orcs
  2 endoplasms
  A giant cockroach (D:2)
  10 goblins
  6 hobgoblins
  2 jackals (D:1)
  6 kobolds
  4 quokkas
  4 ball pythons
  2 bats (D:2)
  3 frilled lizards
  9 rats
75 creatures vanquished.

Notes
Turn   | Place    | Note
-------+----------+-------------------------------------------
     0 | D:1      | ipx the Deep Elf Ice Elementalist began the quest for the
                  | Orb.
     0 | D:1      | Reached XP level 1. HP: 10/10 MP: 6/6
   114 | D:1      | Reached XP level 2. HP: 9/15 MP: 1/8
   159 | D:1      | Reached skill level 5 in Ice Magic
   324 | D:2      | Reached XP level 3. HP: 19/19 MP: 6/9
   333 | D:2      | Learned a level 3 spell: Frozen Ramparts
   337 | D:2      | Learned a level 3 spell: Ozocubu's Armour
   396 | D:2      | Noticed Jessica
   407 | D:2      | Killed Jessica
   408 | D:2      | Reached skill level 6 in Ice Magic
   431 | D:2      | Noticed Sigmund
   470 | D:2      | Reached XP level 4. HP: 15/24 MP: 6/10
   516 | D:2      | Found a snail-covered altar of Cheibriados.
   538 | D:2      | Noticed Robin
   549 | D:2      | Killed Robin
   776 | D:3      | Reached skill level 7 in Ice Magic
   776 | D:3      | Reached XP level 5. HP: 23/28 MP: 1/11
   882 | D:5      | Entered Level 5 of the Dungeon
   906 | D:4      | Noticed Ijyb
   910 | D:4      | Killed Ijyb
   941 | D:4      | Reached skill level 1 in Evocations
   970 | D:4      | Reached XP level 6. HP: 32/32 MP: 4/12
   975 | D:4      | Learned a level 4 spell: Hailstorm
  1011 | D:5      | Reached skill level 1 in Conjurations
  1011 | D:5      | Reached skill level 8 in Ice Magic
  1027 | D:5      | Found a runed translucent door.
  1028 | D:5      | Noticed Crazy Yiuf
  1035 | D:5      | Killed Crazy Yiuf
  1110 | D:5      | Reached XP level 7. HP: 16/36 MP: 2/13
  1228 | D:6      | Noticed a troll
  1247 | D:6      | Slain by a troll

Illustrated notes

Levels and vault maps discovered:
D:1:      amcnicky_arrival_flooded_fountain, layout_rooms
D:2:      layout_basic, basic_altar, uniq_jessica, uniq_sigmund, uniq_robin
D:3:      layout_rooms, trog_antimagical
D:4:      layout_basic, minmay_temple_entry_statues_fountains, uniq_ijyb
D:5:      layout_layer_cave, gammafunk_ghost_hive, kennysheep_generic_room_14,
          uniq_crazy_yiuf_cottage
D:6:      layout_gridville, mainiacjoe_overflow_divided_tiny,
          ebering_ghost_reflecting_pool

Skill      XL: |  1  2  3  4  5  6 |
---------------+-------------------+-----
Ice Magic      | 5 6 7 8 |  8.0
Evocations     | 1 3 |  3.0
Conjurations   | 3 |  3.6
Dodging        | |  2.4
Stealth        | |  2.4
Spellcasting   | |  3.0

Action                   |  1- 3 |  4- 6 |  7- 9 || total
-------------------------+-------+-------+-------++-------
Melee: Club              |       |    30 |    12 ||    42
       Dagger            |       |     4 |       ||     4
Throw: Dart              |     7 |     9 |       ||    16
 Cast: Freeze            |    29 |    15 |       ||    44
       Frozen Ramparts   |     2 |    14 |     2 ||    18
       Ozocubu's Armour  |     1 |     6 |     1 ||     8
Evoke: Wand              |       |       |     1 ||     1
  Use: Scroll            |       |     3 |       ||     3
 Stab: Sleeping          |       |     2 |       ||     2
       Paralysed         |       |       |     5 ||     5
Armor: Robe              |     1 |    17 |     9 ||    27
Dodge: Dodged            |    12 |    21 |     4 ||    37

Table legend: (Time is in decaauts)
 A = Elapsed time spent in this place.
 B = Non-inter-level travel time spent in this place.
 C = Inter-level travel time spent in this place.
 D = Time resting spent in this place.
 E = Time spent auto-exploring this place.
 F = Levels seen in this place.
 G = Mean time per level.
                   A        B        C        D        E       F      G
               +--------+--------+--------+--------+--------+-----+--------+
         Total |   1321 |   1311 |     10 |      0 |      0 |   6 |  220.2 |
       Dungeon |   1321 |   1311 |     10 |      0 |      0 |   6 |  220.2 |
               +--------+--------+--------+--------+--------+-----+--------+

Top non-repeatable levels by time:
     D:2: 359 daAuts
     D:1: 347 daAuts
     D:5: 256 daAuts
     D:4: 216 daAuts
     D:3: 114 daAuts
     D:6: 27 daAuts
